 Dungeon Crawl Stone Soup version 0.21-a0-352-g5b8f553 (webtiles) character file.

36 Dfrag the Firebug (level 3, -1/24 HPs)
             Began as a Demonspawn Fire Elementalist on Oct 12, 2017.
             Slain by a bullfrog (8 damage)
             ... on level 3 of the Dungeon.
             The game lasted 00:01:47 (1851 turns).

Dfrag the Firebug (Demonspawn Fire Elementalist)    Turns: 1851, Time: 00:01:48

Health: -1/24      AC:  0    Str: 17    XL:     3   Next: 19%
Magic:  0/6        EV: 12    Int: 17    God:
Gold:   95         SH:  0    Dex: 13    Spells: 6/7 levels left

rFire    . . .     SeeInvis .   h - +0 dagger
rCold    . . .     Gourm    .   (no shield)
rNeg     . . .     Faith    .   m - -2 robe (curse)
rPois    .         Spirit   +   (no helmet)
rElec    .         Reflect  .   (no cloak)
rCorr    .         Harm     .   (no gloves)
MR       .....                  (no boots)
Stlth    ++........             (no amulet)
HPRegen  0.08/turn              o - +4 ring of strength
MPRegen  0.10/turn              (no ring)

@: mighty
A: magic shield
a: no special abilities


You were on level 3 of the Dungeon.
You were not hungry.

You visited 1 branch of the dungeon, and saw 3 of its levels.

You collected 95 gold pieces.

Inventory:

Hand Weapons
 h - a +0 dagger (weapon)
Armour
 a - a +0 robe
 m - a cursed -2 robe (worn)
Jewellery
 o - a +4 ring of strength (left hand)
Scrolls
 e - 2 scrolls of identify {unknown}
 f - a scroll of fear {unknown}
 g - a scroll of enchant weapon {unknown}
 j - 3 scrolls of remove curse {unknown}
 k - a scroll of amnesia {unknown}
Potions
 d - a potion of might
 l - a potion of agility {unknown}
 n - a potion of lignification {unknown}
 p - a potion of heal wounds {unknown}
Books
 b - a book of Flames

   Spells                             Type                      Level
   a - Flame Tongue                   Conjuration/Fire             1
   b - Throw Flame                    Conjuration/Fire             2
   c - Conjure Flame                  Conjuration/Fire             3
   d - Inner Flame                    Hexes/Fire                   3
   e - Sticky Flame                   Conjuration/Fire             4
   f - Fireball                       Conjuration/Fire             5
Comestibles
 c - a bread ration
 i - 2 meat rations
 q - 2 chunks of flesh


   Skills:
 - Level 1.7 Dodging
 - Level 1.7 Stealth
 + Level 2.5 Spellcasting
 + Level 1.9 Conjurations
 + Level 3.2 Fire Magic


You had 6 spell levels left.
You knew the following spells:

 Your Spells              Type           Power        Failure   Level  Hunger
a - Flame Tongue          Conj/Fire      ##...        6%          1    #......


Dungeon Overview and Level Annotations

Branches:
Dungeon (3/15)

Altars:
Fedhas
Trog


Innate Abilities, Weirdness & Mutations

When hurt, damage is shared between your health and your magic reserves.


Message History

Unknown command.
You barely miss the goblin.
The goblin hits you with a dagger of electrocution.
You hit the goblin but do no damage.
The goblin hits you with a dagger of electrocution.
* * * LOW HITPOINT WARNING * * *
Your magical contamination has completely faded away.
You barely miss the goblin. The goblin hits you but does no damage.
You hit the goblin.
The goblin is moderately wounded.
The goblin misses you.
A bullfrog comes into view.
The bullfrog gives a loud, deep croak!
Found 14 gold pieces.
The bullfrog completely misses you.
Okay, then.
It was a potion of might.
You feel very mighty all of a sudden. The bullfrog hits you!
You die... #.. ... #.# .. ... ..# ## .### #.# #.# .....# #.# #.# . go.

###.# #$#
#(.8##.##.# #F#
### #.#..$.
#.####@# ..#
#.#.og#.###..g.g.#
#.#
#..8.#.##.o######
#.# #...##.##.#..#
##.### ..#
#.#o.##..###
#..... .
#######....#
#..### [......#.#
#..... .......#.#
#.###. ########.#
#.# #.


You could see a bullfrog, an orc, a hobgoblin and a goblin.

Vanquished Creatures
  A worm (D:2)
  A leopard gecko (D:1)
  An orc (D:3)
  7 bats
  3 giant cockroaches
  5 goblins
  4 hobgoblins
  2 ball pythons
  3 kobolds
  3 rats
30 creatures vanquished.

Notes
Turn   | Place    | Note
-------+----------+-------------------------------------------
     0 | D:1      | Dfrag the Demonspawn Fire Elementalist began the quest for the Orb.
     0 | D:1      | Reached XP level 1. HP: 13/13 MP: 3/3
   168 | D:1      | Gained mutation: When hurt, damage is shared between your health and your magic reserves. [demonic ancestry]
   168 | D:1      | Reached XP level 2. HP: 15/19 MP: 3/5
   535 | D:1      | Reached skill level 3 in Fire Magic
   883 | D:2      | Found a blossoming altar of Fedhas.
  1567 | D:2      | Reached XP level 3. HP: 24/24 MP: 1/6
  1705 | D:3      | Found a bloodstained altar of Trog.
  1849 | D:3      | Noticed a bullfrog
  1851 | D:3      | Slain by a bullfrog

Vault maps used:
D:1:      elethiomel_arrival_infinity_welcomes_careful_drivers,
          serial_bayou_crossing
D:2:      serial_bayou_pond_c, fedhas_altar_4
D:3:      marbit_many_paths, guppyfry_early_orc_mine

Skill      XL: |  1  2 |
---------------+-------+-----
Fire Magic     | 3 |  3.2
Dodging        | |  1.7
Stealth        | |  1.7
Spellcasting   | |  2.5
Conjurations   | |  1.9

Action                   || total
-------------------------++-------
Melee: Dagger            ||    34
 Cast: Flame Tongue      ||    43
  Use: Potion            ||     1
 Stab: Sleeping          ||     1
  Eat: Chunk             ||     3
Armor: Robe              ||    11
Dodge: Dodged            ||    45

Table legend:
 A = Spawn XP
 B = Non-spawn XP
 C = Spawn XP percentage of total XP
 D = Spawn monster count
 E = Non-spawn monster count
 F = Spawn count percentage of total count
 G = Total turns spent on level
                    A         B        C        D         E        F      G
               +---------+---------+-------+---------+---------+-------+---------
         Total |       0 |      52 |   0.0 |       0 |      30 |   0.0 |  1851
               +---------+---------+-------+---------+---------+-------+---------
           D:1 |       0 |      21 |   0.0 |       0 |      14 |   0.0 |   689
           D:2 |       0 |      23 |   0.0 |       0 |      12 |   0.0 |   996
           D:3 |       0 |       8 |   0.0 |       0 |       4 |   0.0 |   166
               +---------+---------+-------+---------+---------+-------+---------
